Workbook

Sheet 2.1表-03 单项工程招标控制价汇总表
A1: 单项工程招标控制价汇总表
A3: 工程名称：中北学院南苑树池砌筑 | F3: 第1页 共1页
A4: 序号 | B4: 单位工程名称 | C4: 金额(元) | D4: 其中:(元)
D5: 暂估价 | E5: 安全文明施工费 | G5: 规费
A6: 1 | B6: 中北学院树池砌筑 | C6: ='3.1表-04 单位工程招标控制价汇总表'!D41 -> 0 | D6: 0.00 | E6: ='3.1表-04 单位工程招标控制价汇总表'!D11 -> 0 | G6: ='3.1表-04 单位工程招标控制价汇总表'!D20 -> 0
A40: 合 计 | C40: =C6 -> 0 | D40: 0.00 | E40: =E6 -> 0 | G40: =G6 -> 0
A42: 未来软件编制 | F42: 2026年3月24日
A43: 表-03

Sheet 3.1表-04 单位工程招标控制价汇总表
A1: 单位工程招标控制价汇总表
A3: 工程名称：中北学院南苑树池砌筑 | C3: 标段： | E3: 第1页 共1页
A4: 序号 | B4: 汇 总 内 容 | D4: 金额(元) | F4: 其中:暂估价(元)
A5: 1 | B5: 分部分项工程 | D5: ='3.2表-08 分部分项工程和单价措施项目清单与计价表'!J40 -> 0 | F5: 0.00
A6: 1.1 | B6: 人工费 | D6: =D5*37.5% -> 0
A7: 1.2 | B7: 材料费 | D7: =D5*46.7% -> 0
A8: 1.3 | B8: 施工机具使用费 | D8: =D5*1.1% -> 0
A9: 1.4 | B9: 企业管理费 | D9: =D5*10.1% -> 0
A10: 1.5 | B10: 利润 | D10: =D5*4.6% -> 0
A11: 2 | B11: 措施项目 | D11: ='3.3表-11 总价措施项目清单与计价表'!G63 -> 0 | F11: 0.00
A12: 2.1 | B12: 单价措施项目费 | D12: 0.00 | F12: 0.00
A13: 2.2 | B13: 总价措施项目费 | D13: =D11 -> 0
A14: 2.2.1 | B14: 其中：安全文明施工措施费 | D14: =D13 -> 0
A15: 3 | B15: 其他项目 | D15: 0.00 | F15: —
A16: 3.1 | B16: 其中：暂列金额 | D16: 0.00 | F16: —
A17: 3.2 | B17: 其中：专业工程暂估价 | D17: 0.00 | F17: —
A18: 3.3 | B18: 其中：计日工 | D18: 0.00 | F18: —
A19: 3.4 | B19: 其中：总承包服务费 | D19: 0.00 | F19: —
A20: 4 | B20: 规费 | D20: ='3.5表-13 规费、税金项目计价表'!I5 -> 0 | F20: —
A21: 5 | B21: 税金 | D21: ='3.5表-13 规费、税金项目计价表'!I9 -> 0 | F21: —
A41: 招标控制价合计= 1+2+3+4+5-甲供材料及甲供设备费/1.01 | D41: =D5+D11+D20+D21 -> 0 | F41: 0.00
A42: 未来软件编制 | E42: 2026年3月24日
A43: 表-04

Sheet 3.2表-08 分部分项工程和单价措施项目清单与计价表
A1: 分部分项工程和单价措施项目清单与计价表
A3: 工程名称：中北学院南苑树池砌筑 | E3: 标段： | I3: 第1页 共1页
A4: 序 号 | B4: 项目编码 | C4: 项目名称 | D4: 项目特征描述 | F4: 计量 单位 | G4: 工程量 | H4: 金额(元)
H5: 综合单价 | J5: 合价 | K5: 其中
K6: 暂估价
A7: 1 | B7: 011005002005 | C7: 木质树池拆除 | F7: 个 | G7: 14 | J7: =H7*G7 -> 0 | K7: 0
A8: 2 | B8: 011605002001 | C8: 立面块料拆除 | F8: m2 | G8: 45.36 | J8: =H8*G8 -> 0 | K8: 0.00
A9: 3 | B9: 010101003001 | C9: 基层混凝土拆除 | F9: m2 | G9: 12 | J9: =H9*G9 -> 0 | K9: 0.00
A10: 4 | B10: 010401012001 | C10: 零星砌砖 | F10: m3 | G10: 13.17 | J10: =H10*G10 -> 0 | K10: 0.00
A11: 5 | B11: 011203001001 | C11: 零星项目一般抹灰 | F11: m2 | G11: 86.24 | J11: =H11*G11 -> 0 | K11: 0.00
A12: 6 | B12: 011206001001 | C12: 石材零星项目 | F12: m2 | G12: 52.48 | J12: =H12*G12 -> 0 | K12: 0.00
A13: 7 | B13: SB010103003001 | C13: 建筑垃圾处置费 | F13: 项 | G13: 1 | J13: =H13*G13 -> 0 | K13: 0.00
A14: 分部分项合计 | J14: =SUM(J8:J13) -> 0 | K14: 0.00
A39: 本页小计 | J39: =J14 -> 0 | K39: 0.00
A40: 合 计 | J40: =J39 -> 0 | K40: 0.00
A42: 未来软件编制 | I42: 2026年3月24日
A43: 表-08

Sheet 3.3表-11 总价措施项目清单与计价表
A1: 总价措施项目清单与计价表
A3: 工程名称：中北学院南苑树池砌筑 | F3: 标段： | I3: 第1页 共3页
A4: 序号 | B4: 项目编码 | C4: 项 目 名 称 | D4: 计算基础 | F4: 费率 (%) | G4: 金额(元) | H4: 调整 费率(%) | J4: 调整后 金额(元) | K4: 备注
A5: 1 | B5: 011707001001 | C5: 安全文明施工 | F5: 100 | G5: =G6+G8 -> 0
A6: 1.1 | B6: 1.1 | C6: 基本费 | D6: 分部分项清单合价+单价措施清单合价-分部分项除税工程设备费-单价措施除税工程设备费 | F6: 1.5 | G6: ='3.2表-08 分部分项工程和单价措施项目清单与计价表'!J40*F6% -> 0 | K6: 不取费时将“费率”置0；
A7: 1.2 | B7: 1.2 | C7: 增加费 | D7: 分部分项清单合价+单价措施清单合价-分部分项除税工程设备费-单价措施除税工程设备费 | F7: 0 | G7: ='3.2表-08 分部分项工程和单价措施项目清单与计价表'!J41*F7% -> 0 | K7: 不取费时将“费率”置0；
A8: 1.3 | B8: 1.3 | C8: 扬尘污染防治增加费 | D8: 分部分项清单合价+单价措施清单合价-分部分项除税工程设备费-单价措施除税工程设备费 | F8: 0.21 | G8: ='3.2表-08 分部分项工程和单价措施项目清单与计价表'!J40*F8% -> 0
A9: 2 | B9: 011707002001 | C9: 夜间施工 | D9: 分部分项清单合价+单价措施清单合价-分部分项除税工程设备费-单价措施除税工程设备费 | F9: 0 | G9: 0.00 | K9: 0～0.1%
A10: 3 | B10: 011707003001 | C10: 非夜间施工照明 | D10: 分部分项清单合价+单价措施清单合价-分部分项除税工程设备费-单价措施除税工程设备费 | F10: 0 | G10: 0.00 | K10: 0.20%
A11: 4 | B11: 011707004001 | C11: 二次搬运 | D11: 分部分项清单合价+单价措施清单合价-分部分项除税工程设备费-单价措施除税工程设备费 | F11: 0 | G11: 0.00
A15: 编制人（造价人员）： | E15: 复核人（造价工程师）：
A16: 未来软件编制 | E16: 2026年3月24日
A17: 表-11
A18: 总价措施项目清单与计价表
A20: 工程名称：中北学院树池砌筑 | F20: 标段： | I20: 第2页 共3页
A21: 序号 | B21: 项目编码 | C21: 项 目 名 称 | D21: 计算基础 | F21: 费率 (%) | G21: 金额(元) | H21: 调整 费率(%) | J21: 调整后 金额(元) | K21: 备注
A22: 5 | B22: 011707005001 | C22: 冬雨季施工 | D22: 分部分项清单合价+单价措施清单合价-分部分项除税工程设备费-单价措施除税工程设备费 | F22: 0 | G22: 0.00 | K22: 0.05～0.2%
A23: 6 | B23: 011707006001 | C23: 地上、地下设施、建筑物的临时保护设施 | D23: 分部分项清单合价+单价措施清单合价-分部分项除税工程设备费-单价措施除税工程设备费 | F23: 0 | G23: 0.00
A24: 7 | B24: 011707007001 | C24: 已完成工程及设备保护 | D24: 分部分项清单合价+单价措施清单合价-分部分项除税工程设备费-单价措施除税工程设备费 | F24: 0 | G24: 0.00 | K24: 0～0.05%
A25: 8 | B25: 011707008001 | C25: 临时设施 | D25: 分部分项清单合价+单价措施清单合价-分部分项除税工程设备费-单价措施除税工程设备费 | F25: 0 | G25: 0.00 | K25: 1.1～2.1%
A26: 9 | B26: 011707009001 | C26: 赶工措施 | D26: 分部分项清单合价+单价措施清单合价-分部分项除税工程设备费-单价措施除税工程设备费 | F26: 0 | G26: 0.00 | K26: 0.5～2.1%
A27: 10 | B27: 011707010001 | C27: 工程按质论价 | D27: 分部分项清单合价+单价措施清单合价-分部分项除税工程设备费-单价措施除税工程设备费 | F27: 0 | G27: 0.00 | K27: 市优0.8%/省优1.1%/国优专业1.2%/国优1.3%
A31: 编制人（造价人员）： | E31: 复核人（造价工程师）：
A32: 未来软件编制 | E32: 2026年3月24日
A33: 表-11
A34: 总价措施项目清单与计价表
A36: 工程名称：中北学院树池砌筑 | F36: 标段： | I36: 第3页 共3页
A37: 序号 | B37: 项目编码 | C37: 项 目 名 称 | D37: 计算基础 | F37: 费率 (%) | G37: 金额(元) | H37: 调整 费率(%) | J37: 调整后 金额(元) | K37: 备注
A38: 11 | B38: 011707012001 | C38: 建筑工人实名制费用 | D38: 分部分项清单合价+单价措施清单合价-分部分项除税工程设备费-单价措施除税工程设备费 | F38: 0 | G38: 0.00 | K38: 0.05%
A39: 12 | B39: 011707015001 | C39: 智慧工地费用 | D39: 分部分项清单合价+单价措施清单合价-分部分项除税工程设备费-单价措施除税工程设备费 | F39: 0 | G39: 0.00 | K39: 0.05～0.1%
A63: 合 计 | G63: =G5 -> 0
A65: 编制人（造价人员）： | E65: 复核人（造价工程师）：
A66: 未来软件编制 | E66: 2026年3月24日
A67: 表-11

Sheet 3.5表-13 规费、税金项目计价表
A1: 规费、税金项目计价表
A3: 工程名称：中北学院南苑树池砌筑 | E3: 标段： | H3: 第1页 共1页
A4: 序号 | B4: 项 目 名 称 | C4: 计算基础 | F4: 计算基数(元) | G4: 计算费率(%) | I4: 金额(元)
A5: 1 | B5: 规费 | C5: 分部分项工程费+措施项目费+其他项目费-除税工程设备费 | F5: =I6+I7+I8 -> 0 | G5: 100 | I5: =F5*G5% -> 0
A6: 1.1 | B6: 社会保险费 | F6: ='3.3表-11 总价措施项目清单与计价表'!G63+'3.2表-08 分部分项工程和单价措施项目清单与计价表'!J40 -> 0 | G6: 3.8 | I6: =F6*G6% -> 0
A7: 1.2 | B7: 住房公积金 | F7: =F6 -> 0 | G7: 0.67 | I7: =F7*G7% -> 0
A8: 1.3 | B8: 环境保护税 | F8: =F6 -> 0 | G8: 0.1 | I8: =F8*G8% -> 0
A9: 2 | B9: 税金 | C9: 分部分项工程费+措施项目费+其他项目费+规费-(除税甲供材料费+除税甲供设备费)/1.01 | F9: =F5+F6 -> 0 | G9: 9 | I9: =F9*G9% -> 0
A35: 合 计 | I35: =I5+I9 -> 0
A37: 编制人（造价人员）： | D37: 复核人（造价工程师）：
A38: 未来软件编制 | D38: 2026年3月24日
A39: 表-13
